 Dungeon Crawl Stone Soup version 0.23-a0-484-g29ba69c (webtiles) character file.

4888 MisterFreud the Cleaver (level 10, -1/93 HPs)
             Began as a Hill Orc Monk on Nov 30, 2018.
             Was a High Priest of Beogh.
             Slain by a red ugly thing (18 damage)
             ... on level 11 of the Dungeon.
             The game lasted 00:19:47 (9046 turns).

MisterFreud the Cleaver (Hill Orc Monk)             Turns: 9046, Time: 00:19:47

Health: -1/93      AC: 12    Str: 18    XL:     10   Next: 50%
Magic:  10/10      EV: 13    Int: 10    God:    Beogh [*****.]
Gold:   256        SH:  0    Dex: 13    Spells: 9/9 levels left

rFire    . . .     SeeInvis .   B - +0 war axe
rCold    . . .     Gourm    .   (no shield)
rNeg     . . .     Faith    .   m - +0 scale mail
rPois    +         Spirit   .   f - +0 helmet
rElec    .         Reflect  .   e - +0 cloak
rCorr    .         Harm     .   w - +0 pair of gloves
MR       .....                  (no boots)
Stlth    ..........             D - amulet of regeneration
HPRegen  0.65/turn              l - +2 ring of evasion
MPRegen  0.12/turn              M - ring of poison resistance

@: no status effects
A: walk on water
a: Smiting, Recall Orcish Followers, Give Item to Named Follower, Renounce
Religion


You were on level 11 of the Dungeon.
You worshipped Beogh.
Beogh was extremely pleased with you.
You were not hungry.

You visited 1 branch of the dungeon, and saw 11 of its levels.

You collected 491 gold pieces.
You spent 235 gold pieces at shops.

Inventory:

Hand Weapons
 B - a +0 war axe (weapon)
Missiles
 h - 159 stones (quivered)
 i - 91 arrows
 o - 45 sling bullets
 z - 17 poisoned needles
 C - 8 tomahawks of returning
 G - 10 tomahawks
 J - 16 bolts
Armour
 b - a +0 robe
 e - a +0 cloak (worn)
 f - a +0 helmet (worn)
 m - a +0 scale mail (worn)
 w - a +0 pair of gloves (worn)
Jewellery
 l - a +2 ring of evasion (left hand)
 D - an amulet of regeneration (around neck)
 M - a ring of poison resistance (right hand)
Wands
 k - a wand of digging (8)
 v - a wand of iceblast (17)
 A - a wand of polymorph (18)
 H - a wand of random effects (22)
 I - a wand of flame (60)
Scrolls
 a - a scroll of enchant weapon {unknown}
 j - 3 scrolls of teleportation
 n - 2 scrolls of amnesia
 q - 2 scrolls of enchant armour
 r - a scroll of random uselessness {unknown}
 s - 3 scrolls of remove curse
 u - 2 scrolls of fear {unknown}
 y - 2 scrolls of magic mapping {unknown}
 L - 2 scrolls of blinking {unknown}
Potions
 d - 5 potions of curing
 g - 3 potions of heal wounds
 p - a potion of haste
 t - a potion of degeneration {unknown}
 x - a potion of flight {unknown}
 E - 2 potions of mutation
 F - a potion of brilliance {unknown}
 K - 3 potions of berserk rage
Comestibles
 c - 18 rations
 N - a chunk of flesh


   Skills:
 + Level 10.2 Fighting
 + Level 13.4 Axes
 + Level 8.4 Armour
 - Level 2.4 Dodging
 - Level 1.5 Stealth


You had 9 spell levels left.
You didn't know any spells.
Your spell library contained the following spells:

 Spells                   Type           Power        Failure   Level  Hunger
 Confusing Touch          Hex            #.....       71%         1    ##.....
 Corona                   Hex            #......      71%         1    ##.....
 Sting                    Conj/Pois      #...         71%         1    ##.....
 Poisonous Vapours        Pois/Air       #.....       83%         2    ###....
 Slow                     Hex            #.......     83%         2    ###....
 Confuse                  Hex            #.......     97%         3    ####...
 Gell's Gravitas          Tloc           #.........   97%         3    ####...
 Inner Flame              Hex/Fire       #.......     97%         3    ####...
 Mephitic Cloud           Conj/Pois/Air  #.......     97%         3    ####...
 Portal Projectile        Hex/Tloc       #.....       97%         3    ####...
 Cause Fear               Hex            #.........   100%        4    #####..
 Leda's Liquefaction      Hex/Erth       #.........   100%        4    #####..
 Olgreb's Toxic Radiance  Pois           #.......     100%        4    #####..
 Petrify                  Tmut/Erth      #.......     100%        4    #####..
 Metabolic Englaciation   Hex/Ice        #.........   100%        5    ######.
 Venom Bolt               Conj/Pois      #.........   100%        5    ######.
 Yara's Violent Unravell  Hex/Tmut       #.........   100%        5    ######.


Dungeon Overview and Level Annotations

Branches:
Dungeon (11/15)            Temple (0/1) D:6
   Lair: D:8-11         Orc: D:9-12

Altars:
Ashenzari
Dithmenos
Elyvilon
Fedhas
Kikubaaqudgha
Makhleb
Ru
Sif Muna
Vehumet
Wu Jian
The Shining One

Shops:
D:7 *   D:9 (

Annotations:
D:10 3 runed doors


Message History

You swap places.
Something hits you but does no damage.
The red ugly thing trunk-slaps you but does no damage.
You slash the red ugly thing!
The red ugly thing is moderately wounded.
You miss something. Something hits you but does no damage. Something hits you!
The red ugly thing trunk-slaps you.
You are engulfed in flames!!
Your orc warrior hits the red ugly thing with a +0 flail!
You hit the red ugly thing but do no damage.
The red ugly thing is heavily wounded.
You closely miss something. Something hits you but does no damage.
The red ugly thing trunk-slaps you!
You are engulfed in flames!
Your orc barely misses the red ugly thing.
You hit the red ugly thing.
The red ugly thing is heavily wounded.
Something hits your orc!
Your orc dies!
The red ugly thing trunk-slaps you!
* * * LOW HITPOINT WARNING * * *
You are engulfed in flames!!
You die...

#.............#
#.............#
#............)#
#.............#
#.............#
###oo...#######
+ooo..# #..o..#
#o@o..# #ou!..#
#.....# ......#
.......#
##........
#.........
#.........
#.........


You could see a red ugly thing, 3 friendly orc warriors, the friendly Argrim the
orc priest, a friendly orc wizard and 4 friendly orcs.

Vanquished Creatures
  A hippogriff (D:7)
  Sigmund (D:4)
  A human (D:7)
  A wraith (D:10)
  3 hogs
  A water moccasin (D:10)
  3 phantoms
  2 sky beasts
  2 ogres
  A centaur (D:7)
  A crocodile (D:11)
  4 bullfrogs
  3 scorpions
  2 wights (D:10)
  5 howler monkeys (D:10)
  6 crimson imps
  2 bullfrog zombies (D:5)
  A hound (D:4)
  Crazy Yiuf (D:7)
  2 iguanas (D:8)
  2 bullfrog skeletons
  3 orc wizards
  6 worker ants
  14 adders
  2 shadow imps (D:7)
  An adder skeleton (D:4)
  An adder zombie (D:6)
  4 worms
  4 dart slugs
  4 leopard geckos
  5 orcs
  9 bats
  9 giant cockroaches
  15 goblins
  8 hobgoblins
  19 jackals
  8 quokkas
  3 frilled lizards
  6 hobgoblin zombies (D:7)
  A jackal skeleton (D:4)
  10 kobolds
  3 kobold skeletons (D:7)
  A kobold zombie (D:7)
  An orc skeleton (D:7)
  2 orc zombies (D:7)
  A quokka zombie (D:6)
  10 rats
195 creatures vanquished.

Vanquished Creatures (collateral kills)
  2 two-headed ogres (D:11)
  A hog (D:7)
  A wyvern (D:11)
  A soldier ant (D:10)
  An orc warrior (D:10)
  2 ice beasts
  A bullfrog (D:7)
  A wyvern zombie (D:8)
  A wight (D:10)
  2 howler monkeys
  A crimson imp (D:9)
  An orc priest (D:11)
  A jelly (D:10)
  3 orc wizards
  A worker ant (D:8)
  A hound skeleton (D:7)
  2 adders
  2 leopard geckos
  4 orcs
  A jackal (D:10)
30 creatures vanquished.

Vanquished Creatures (others)
  An orc warrior (D:10)
  An orc priest (D:11)
  A human (D:5)
  5 orc wizards
  11 orcs
19 creatures vanquished.

Grand Total: 244 creatures vanquished

Notes
Turn   | Place    | Note
-------+----------+-------------------------------------------
     0 | D:1      | MisterFreud the Hill Orc Monk began the quest for the Orb.
     0 | D:1      | Reached XP level 1. HP: 19/19 MP: 1/1
    58 | D:1      | Reached XP level 2. HP: 13/26 MP: 2/2
   115 | D:1      | Reached skill level 5 in Axes
   639 | D:1      | Reached XP level 3. HP: 30/31 MP: 3/3
  1091 | D:2      | Reached skill level 6 in Axes
  1339 | D:2      | Found a shattered altar of Ashenzari.
  1413 | D:2      | Reached XP level 4. HP: 27/39 MP: 4/4
  1754 | D:2      | Reached skill level 7 in Axes
  2021 | D:2      | Reached XP level 5. HP: 44/45 MP: 5/5
  2668 | D:3      | Reached skill level 8 in Axes
  3082 | D:4      | Noticed a phantom
  3161 | D:4      | Found a blossoming altar of Fedhas.
  3168 | D:4      | Found a white marble altar of Elyvilon.
  3235 | D:4      | Killed a phantom
  3235 | D:4      | Reached skill level 5 in Fighting
  3235 | D:4      | Reached XP level 6. HP: 26/56 MP: 6/6
  3346 | D:4      | Became a worshipper of Beogh the Brigand
  3346 | D:4      | Reached * piety under Beogh
  3346 | D:4      | Reached ** piety under Beogh
  3352 | D:4      | Noticed Sigmund
  3370 | D:4      | Killed Sigmund
  3370 | D:4      | Reached XP level 7. HP: 38/64 MP: 7/7
  3395 | D:4      | Found a shadowy altar of Dithmenos.
  3546 | D:4      | Noticed Grinder
  3565 | D:4      | Paralysed by Grinder for 3 turns
  3831 | D:5      | Entered Level 5 of the Dungeon
  4111 | D:5      | Reached skill level 1 in Armour
  4300 | D:5      | Reached XP level 8. HP: 54/74 MP: 8/8
  4531 | D:5      | Found an ancient bone altar of Kikubaaqudgha.
  4722 | D:6      | Reached skill level 5 in Armour
  5248 | D:6      | Reached *** piety under Beogh
  5323 | D:6      | Found a staircase to the Ecumenical Temple.
  5459 | D:7      | Reached skill level 9 in Axes
  5488 | D:6      | Reached skill level 10 in Axes
  5488 | D:6      | Reached XP level 9. HP: 21/81 MP: 9/9
  5585 | D:7      | Found Motsead's Assorted Antiques.
  5611 | D:7      | Reached skill level 11 in Axes
  5628 | D:7      | Bought a potion of heal wounds for 120 gold pieces
  5628 | D:7      | Bought a scroll of teleportation for 72 gold pieces
  5628 | D:7      | Bought 2 metallic amethyst potions for 43 gold pieces
  5642 | D:7      | Found a glowing golden altar of the Shining One.
  5847 | D:7      | Found a sacrificial altar of Ru.
  5849 | D:7      | Found an ornate altar of the Wu Jian Council.
  6005 | D:7      | Found a deep blue altar of Sif Muna.
  6008 | D:7      | Found a glowing golden altar of the Shining One.
  6117 | D:7      | Reached skill level 12 in Axes
  6147 | D:7      | Gained Argrim as an ally
  6476 | D:7      | Found a runed door.
  6558 | D:7      | Noticed Crazy Yiuf
  6561 | D:7      | Killed Crazy Yiuf
  6561 | D:7      | Reached **** piety under Beogh
  6815 | D:8      | Found a radiant altar of Vehumet.
  6816 | D:8      | Found a burning altar of Makhleb.
  7552 | D:9      | Found Bamoprox's Weapon Shoppe.
  8083 | D:10     | Entered Level 10 of the Dungeon
  8094 | D:10     | Reached XP level 10. HP: 77/91 MP: 10/10
  8333 | D:10     | Reached skill level 13 in Axes
  8341 | D:10     | Reached ***** piety under Beogh
  8560 | D:10     | Found a runed gate.
  8564 | D:10     | Found a runed gate.
  8564 | D:10     | Found a runed gate.
  8564 | D:10     | Noticed a cyan ugly thing
  8566 | D:10     | Noticed a cyan ugly thing
  8566 | D:10     | Noticed a white ugly thing
  8845 | D:10     | Noticed a cyan ugly thing
  8846 | D:10     | Noticed a cyan ugly thing
  8956 | D:11     | Noticed a two-headed ogre
  8964 | D:11     | Killed a two-headed ogre
  8964 | D:11     | Reached skill level 10 in Fighting
  8999 | D:11     | Noticed a two-headed ogre
  9006 | D:11     | Killed a two-headed ogre
  9034 | D:11     | Noticed a red ugly thing
  9046 | D:11     | Slain by a red ugly thing

Vault maps used:
D:1:      dpeg_arrival_tiny_h
D:2:      lemuel_crystal_altar, first_ration
D:3:      hangedman_abyss_or_decor_stabs
D:4:      nicolae_dithmenos_through_a_glass_darkly, fedhas_altar_3,
          elyvilon_altar_4, uniq_grinder, uniq_sigmund
D:5:      tgw_kikubaaqudgha
D:6:      minmay_temple_entry_large_hall, minivault_5, nicolae_zen_rock_garden
D:7:      minitemple, serial_shops, shop, grunt_livestock,
          nicolae_tso_besieged_by_evil, uniq_crazy_yiuf_cottage
D:8:      grunt_temple_overflow_lords_of_destruction, corner_web_ring
D:9:      serial_shops, shop, kennysheep_path_1
D:10:     ploomutoo_gammafunk_ghost_potion_laboratory,
          chequers_serial_rivers_micro_e
D:11:     lair_entry_dummy, orc_0_dummy

Skill      XL: |  1  2  3  4  5  6  7  8  9 10 |
---------------+-------------------------------+-----
Axes           | 5 6 7 8 10 12 13 | 13.4
Fighting       | 5 6 8 9 10 | 10.2
Armour         | 3 6 7 8 |  8.4
Dodging        | |  2.4
Stealth        | |  1.5

Action                   |  1- 3 |  4- 6 |  7- 9 | 10-12 || total
-------------------------+-------+-------+-------+-------++-------
Melee: Hand axe          |   145 |   191 |   256 |       ||   592
       War axe           |       |       |   273 |   104 ||   377
Throw: Stone             |       |     2 |     4 |       ||     6
Invok: Convert to Beogh  |       |     1 |       |       ||     1
Evoke: Wand              |       |       |     2 |       ||     2
  Use: Scroll            |     1 |     4 |     5 |       ||    10
 Stab: Sleeping          |     1 |     4 |       |       ||     5
       Distracted        |       |       |     1 |       ||     1
  Eat: Chunk             |     2 |     5 |    13 |     4 ||    24
       Ration            |       |       |     1 |       ||     1
Armor: Robe              |    29 |    10 |       |       ||    39
       Scale mail        |       |    35 |   185 |    26 ||   246
Dodge: Dodged            |   107 |    98 |   277 |    47 ||   529

Table legend:
 A = Non-vault XP
 B = Vault XP
 C = Vault XP percentage of total XP
 D = Non-vault monster count
 E = Vault monster count
 F = Vault count percentage of total count
                 A         B        C        D         E       F
            +---------+---------+-------+---------+---------+-------
      Total |    5696 |    1287 |  18.4 |     203 |      22 |   9.8
            +---------+---------+-------+---------+---------+-------
        D:1 |      53 |       0 |   0.0 |      27 |       0 |   0.0
        D:2 |     153 |       0 |   0.0 |      31 |       0 |   0.0
        D:3 |      51 |       0 |   0.0 |      23 |       0 |   0.0
        D:4 |     276 |     223 |  44.7 |      10 |       1 |   9.1
        D:5 |     488 |       0 |   0.0 |      20 |       0 |   0.0
        D:6 |     497 |     202 |  28.9 |      18 |       1 |   5.3
        D:7 |     865 |     812 |  48.4 |      17 |      19 |  52.8
        D:8 |     596 |      50 |   7.7 |      11 |       1 |   8.3
        D:9 |     248 |       0 |   0.0 |      11 |       0 |   0.0
       D:10 |    1185 |       0 |   0.0 |      29 |       0 |   0.0
       D:11 |    1284 |       0 |   0.0 |       6 |       0 |   0.0
            +---------+---------+-------+---------+---------+-------
